 Dungeon Crawl Stone Soup version 0.29.1-13-g9f3cf754e1 (webtiles) character file.

Game seed: 16630328369881838895

192 H0rd4k the Charlatan (level 5, -7/36 HPs)
             Began as an Octopode Artificer on Feb 7, 2023.
             Mangled by Grinder (10 damage)
             ... on level 3 of the Dungeon.
             The game lasted 00:01:44 (3255 turns).

H0rd4k the Charlatan (Octopode Artificer)           Turns: 3255, Time: 00:01:44

Health: -7/36      AC:  1    Str: 12    XL:     5   Next: 71%
Magic:  8/8        EV: 13    Int: 15    God:
Gold:   180        SH:  0    Dex: 12    Spells: 8/8 levels left

rFire   . . .      SeeInvis +     - Unarmed
rCold   . . .      Faith    .   (no shield)
rNeg    . . .      Spirit   .   (helmet restricted)
rPois   .          Reflect  .   e - amulet of magic regeneration
rElec   .          Harm     .   m - ring of see invisible
rCorr   .          Rampage  .   (no ring)
Will    .....                   (no ring)
Stlth   +++.......              (no ring)
HPRegen 0.12/turn               (no ring)
MPRegen 0.51/turn               (no ring)
                                (no ring)
                                (no ring)

@: no status effects
A: almost no armour, amphibious, 8 rings, camouflage 1, gelatinous body 1,
(nimble swimmer 1), tentacles
a: no special abilities


You were on level 3 of the Dungeon.
You visited 1 branch of the dungeon, and saw 3 of its levels.

You collected 180 gold pieces.

Inventory:

Magical Staves
 a - a staff of poison
Jewellery
 e - an amulet of magic regeneration (around mantle)
 m - a ring of see invisible (left tentacle)
Wands
 b - a wand of flame (15) (quivered)
 c - a wand of charming (11)
 d - a wand of iceblast (3)
Scrolls
 f - 2 scrolls of teleportation {unknown}
 h - a scroll of enchant armour {unknown}
 i - a scroll of immolation {unknown}
 l - a scroll of identify {unknown}
Potions
 g - 2 potions of attraction {unknown}
 j - a potion of cancellation {unknown}
 k - 2 potions of haste {unknown}


   Skills:
 * Level 3.0 Fighting
 - Level 2.3 Dodging
 - Level 1.3 Stealth
 + Level 3.2 Unarmed Combat
 * Level 2.2 Spellcasting
 - Level 3.2 Evocations


You had 8 spell levels left.
You didn't know any spells.
Your spell library contained the following spells:

 Spells                   Type           Power      Damage    Failure   Level
 Apportation              Tloc           2%         N/A       22%         1
 Necrotise                Necr           4%         1d4       22%         1
 Summon Small Mammal      Summ           4%         N/A       22%         1


Dungeon Overview and Level Annotations

Branches:
Dungeon (3/15)

Altars:
Elyvilon

Annotations:
D:2 1 runed translucent door, exclusion: door, Crazy Yiuf
D:3 Grinder


Innate Abilities, Weirdness & Mutations

You cannot wear most types of armour.
You are amphibious.
You can wear up to eight rings at the same time.
Your skin changes colour to match your surroundings (Stealth+).
Your rubbery body absorbs attacks. (AC +1, EV +1)
((You are camouflaged when in or above water. (Stealth+)))
You have tentacles for arms and can constrict up to eight enemies at once.


Message History

Found a book of Vapours.
Grinder gestures at you. You resist with significant effort.
Grinder is nearby!
Grinder is nearby!
You tentacle-slap Grinder. You grab Grinder.
Grinder is lightly wounded.
You constrict Grinder. Grinder hits you!
You writhe in agony.
You tentacle-slap Grinder.
Grinder is lightly wounded.
You constrict Grinder. Grinder hits you!
You writhe in agony.
You tentacle-slap Grinder.
Grinder is moderately wounded.
You constrict Grinder. Grinder hits you!
* * * LOW HITPOINT WARNING * * *
You writhe in agony.
* * * LOW HITPOINT WARNING * * *
Aiming: Charm
Press: ? - help, Shift-Dir - straight line, f - Grinder
Aim: Grinder (moderately wounded, constricted by you, chance to affect: 57%) Grinder resists with significant effort.
You constrict Grinder, but do no damage.
Grinder struggles to blink free from constriction.
Unknown command.
Aiming: Charm
Press: ? - help, Shift-Dir - straight line, f/p - Grinder
Aim: Grinder (moderately wounded, constricted by you, chance to affect: 57%) Grinder resists with significant effort.
You constrict Grinder.
Grinder says, "What is the universe for?"
Grinder hits you.
* * * LOW HITPOINT WARNING * * *
You writhe in agony.
* * * LOW HITPOINT WARNING * * *
Aiming: Charm
Press: ? - help, Shift-Dir - straight line, f/p - Grinder
Aim: Grinder (moderately wounded, constricted by you, chance to affect: 57%) Grinder resists with significant effort.
You constrict Grinder. Grinder hits you!
You die...

♣♣.....♣♣
♣♣.......♣♣ ####
♣...≈~≈...♣ ##..#
♣♣..≈≈~≈≈..♣♣
##...#
♣...~~_~~...♣
#....# ♣..≈≈~≈≈..♣
#....# ♣..:≈~≈5..♣
#....# ♣....@..♣
##...# ♣♣.....♣♣
##..# ♣♣...♣♣ #..)#
♣♣.....♣♣ #.#.##
♣♣.......♣ .#
#.#..# ♣...≈~≈...♣
#.# #.##.#
#..≈≈~≈≈..# ..#
#.##.# #..~~♣~~..#
#.#
#.##.###..≈≈~≈≈..##
#.#


You could see Grinder.

Vanquished Creatures
  2 orc priests (D:3)
  Jessica (D:2)
  3 gnolls (D:2)
  An adder (D:2)
  A dart slug (D:2)
  3 orcs (D:3)
  5 ball pythons
  6 bats
  11 endoplasms
  4 giant cockroaches
  6 hobgoblins
  3 kobolds
  3 quokkas
  3 frilled lizards
  5 goblins
  4 rats
61 creatures vanquished.

Vanquished Creatures (others)
  A gnoll (D:2)
  6 plants (D:2)
7 creatures vanquished.

Grand Total: 68 creatures vanquished

Notes
Turn   | Place    | Note
-------+----------+-------------------------------------------
     0 | D:1      | H0rd4k the Octopode Artificer began the quest for the Orb.
     0 | D:1      | Reached XP level 1. HP: 13/13 MP: 1/1
    76 | D:1      | Found a faded altar of an unknown god.
   163 | D:1      | Reached XP level 2. HP: 18/18 MP: 2/2
   336 | D:1      | Reached skill level 1 in Spellcasting
   914 | D:1      | Reached XP level 3. HP: 24/24 MP: 4/4
  1314 | D:2      | Reached skill level 1 in Unarmed Combat
  1685 | D:2      | Noticed Jessica
  1691 | D:2      | Killed Jessica
  1692 | D:2      | Reached XP level 4. HP: 14/30 MP: 6/6
  2272 | D:2      | Reached XP level 5. HP: 13/35 MP: 6/8
  2788 | D:2      | Found a runed translucent door.
  2789 | D:2      | Noticed Crazy Yiuf
  3245 | D:3      | Noticed Grinder
  3246 | D:3      | Found a white marble altar of Elyvilon.
  3255 | D:3      | Mangled by Grinder

Illustrated notes

Levels and vault maps discovered:
D:1:      dpeg_arrival_tiny_b, layout_basic,
          hellmonk_ecumenical_altar_crossroads
D:2:      minmay_skewed_foursquare, layout_loops_corners, serial_bayou,
          serial_bayou_ford_a, serial_bayou_shore_b, serial_bayou_shore_b,
          serial_bayou_pond_a, serial_bayou_pond_c, serial_bayou_pond_b,
          hex_large, minmay_heptomino_h4, uniq_crazy_yiuf_cottage, uniq_jessica
D:3:      layout_loops_corners, elyvilon_altar_3, kennysheep_small_spiral,
          uniq_grinder

Skill      XL: |  1  2  3  4  5 |
---------------+----------------+-----
Spellcasting   | 1 2 |  2.2
Fighting       | 2 3 |  3.0
Unarmed Combat | 1 2 3 |  3.2
Dodging        | |  2.3
Stealth        | |  1.3
Evocations     | |  3.2

Action                   |  1- 3 |  4- 6 || total
-------------------------+-------+-------++-------
Melee: Unarmed           |    97 |    46 ||   143
       Constrict         |    22 |    15 ||    37
       Tentacles         |    18 |    14 ||    32
       Punch             |     2 |     1 ||     3
Evoke: Wand              |       |     6 ||     6
  Use: Potion            |       |     1 ||     1
 Stab: Sleeping          |    15 |     6 ||    21
Armor: Skin              |     3 |     4 ||     7
Dodge: Dodged            |    56 |    20 ||    76
